 Dungeon Crawl Stone Soup version 0.19.1 (webtiles) character file.

77 Lilleppy the Sneak (level 4, 0/29 HPs)
             Began as an Octopode Assassin on Dec 8, 2016.
             Slain by a gnoll (6 damage)
             ... on level 3 of the Dungeon.
             The game lasted 00:04:19 (1981 turns).

Lilleppy the Sneak (Octopode Assassin)              Turns: 1981, Time: 00:04:21

Health: 0/29       AC:  1    Str: 10    XL:     4   Next: 34%
Magic:  4/4        EV: 13    Int: 13    God:
Gold:   71         SH:  0    Dex: 14    Spells: 0 memorised, 3 levels left

rFire  . . .     SeeInvis .     v - +2 war axe (chop)
rCold  . . .     Gourm    .     (no shield)
rNeg   + . .     Faith    .     (helmet restricted)
rPois  .         Spirit   .     (no amulet)
rElec  .         Reflect  .     l - ring of positive energy
rCorr  .         Harm     .     (no ring)
MR     .....                    (no ring)
Stlth  ++++......               (no ring)
                                (no ring)
                                (no ring)
                                (no ring)
                                (no ring)

@: lethally poisoned (0 -> -1)
A: almost no armour, stealthy swim, amphibious, 8 rings, constrict 8, camouflage
1, gelatinous body 1
a: no special abilities


You were on level 3 of the Dungeon.
You were not hungry.

You visited 1 branch of the dungeon, and saw 3 of its levels.

You collected 71 gold pieces.

Inventory:

Hand Weapons
 a - a +2 dagger
 b - a +0 blowgun
 v - a +2 war axe of chopping (weapon)
Missiles
 c - 8 poisoned needles
 d - 2 curare-tipped needles
Jewellery
 l - a ring of positive energy (left tentacle)
 x - a +4 amulet of reflection {unknown}
Scrolls
 e - 4 scrolls of identify {unknown}
 f - a scroll of fog {unknown}
 h - a scroll of random uselessness {unknown}
 i - a scroll of remove curse {unknown}
 m - a scroll of noise {unknown}
 o - a scroll of fear {unknown}
 p - a scroll of blinking {unknown}
 r - a scroll of teleportation {unknown}
 s - a scroll of recharging {unknown}
 w - a scroll of amnesia {unknown}
Potions
 g - 2 potions of degeneration {unknown}
 j - 2 potions of mutation {unknown}
 k - a potion of curing {unknown}
 n - a potion of lignification {unknown}
 q - a potion of might {unknown}
Comestibles
 t - 2 bread rations
 u - a slice of pizza


   Skills:
 + Level 2.2 Fighting
 + Level 2.7 Short Blades
 + Level 0.4 Axes
 + Level 2.0 Throwing
 + Level 1.5 Dodging
 + Level 6.7 Stealth


You had 3 spell levels left.
You didn't know any spells.

Dungeon Overview and Level Annotations

Branches:
Dungeon (3/15)

Altars:


Innate Abilities, Weirdness & Mutations

You cannot wear most types of armour.
You are very stealthy in the water. (Stealth+)
You are amphibious.
You can wear up to eight rings at the same time.
You can use your tentacles to constrict eight enemies at once.
Your skin changes colour to match your surroundings (Stealth+).
Your rubbery body absorbs attacks. (AC +1, EV +1)


Message History

The helpless gnoll fails to defend itself.
You slash the gnoll! You grab the gnoll. Your squeeze misses the gnoll.
The gnoll is almost dead.
You constrict the gnoll, but do no damage.
The gnoll hits you with a whip!
You barely miss the gnoll. You squeeze the gnoll.
You kill the gnoll!
You feel sick. 2 gnolls come into view.
You see here a whip.
The helpless gnoll fails to defend itself.
You slash the gnoll! Your grab misses the gnoll.
The gnoll is severely wounded.
The gnoll hits you.
* * * LOW HITPOINT WARNING * * *
The gnoll hits you but does no damage.
You hit the gnoll. Your grab misses the gnoll.
The gnoll is almost dead.
You hit the gnoll.
You feel sick. The gnoll hits you.
You die...

#.# #.# #?# #.#
#.# #.#####.##
#......<.#
#######)#######
#..g..g@.......
####.##g######.
# #.. ####


You could see 3 gnolls.

Vanquished Creatures
  A gnoll (D:3)
  3 adders (D:2)
  A worm (D:2)
  2 dart slugs
  A leopard gecko (D:1)
  3 goblins
  6 hobgoblins
  3 jackals
  3 kobolds
  A ball python (D:1)
  3 bats
  3 frilled lizards
  7 rats
37 creatures vanquished.

Notes
Turn   | Place    | Note
-------+----------+-------------------------------------------
     0 | D:1      | Lilleppy the Octopode Assassin began the quest for the Orb.
     0 | D:1      | Reached XP level 1. HP: 14/14 MP: 1/1
   666 | D:1      | Reached XP level 2. HP: 8/19 MP: 2/2
   761 | D:1      | Reached skill level 6 in Stealth
  1260 | D:2      | Reached XP level 3. HP: 16/24 MP: 3/3
  1776 | D:2      | Reached XP level 4. HP: 24/29 MP: 4/4
  1981 | D:3      | Slain by a gnoll

Skill      XL: |  1  2 |
---------------+-------+-----
Stealth        | 6 |  6.7
Fighting       | |  2.2
Short Blades   | |  2.7
Axes           | |  0.4
Throwing       | |  2.0
Dodging        | |  1.5

Action                   |  1- 3 |  4- 6 || total
-------------------------+-------+-------++-------
Melee: Dagger            |    61 |       ||    61
       Constrict         |    11 |     2 ||    13
       Tentacles         |     6 |     2 ||     8
       War axe           |     6 |     7 ||    13
 Stab: Sleeping          |    11 |     2 ||    13
  Eat: Bread ration      |     1 |       ||     1
Armor: Skin              |     4 |     2 ||     6
Dodge: Dodged            |    34 |     2 ||    36
